 Dungeon Crawl Stone Soup version 0.22-a0-162-g33bf127 (webtiles) character file.

84 Truegreen the Charmwright (level 4, -5/37 HPs)
             Began as a Draconian Skald on Feb 13, 2018.
             Slain by Natasha (6 damage)
             ... on level 2 of the Dungeon.
             The game lasted 00:05:02 (1633 turns).

Truegreen the Charmwright (Draconian Skald)         Turns: 1633, Time: 00:05:02

Health: -5/37      AC:  5    Str: 11 (14) XL:     4   Next: 24%
Magic:  4/7        EV: 12    Int: 12 (13) God:
Gold:   93         SH:  0    Dex:  9 (11) Spells: 4/7 levels left

rFire    . . .     SeeInvis .     - Unarmed
rCold    . . .     Gourm    .   (no shield)
rNeg     . . .     Faith    .   (armour unavailable)
rPois    .         Spirit   .   (helmet restricted)
rElec    .         Reflect  .   (no cloak)
rCorr    .         Harm     .   (no gloves)
MR       .....                  (no boots)
Stlth    +.........             (no amulet)
HPRegen  0.12/turn              (no ring)
MPRegen  0.10/turn              (no ring)

@: no status effects
A: unfitting armour, cold-blooded, AC +5
a: no special abilities


You were on level 2 of the Dungeon.
You were hungry.

You visited 1 branch of the dungeon, and saw 2 of its levels.

You collected 93 gold pieces.

Inventory:

Scrolls
 d - a scroll of noise {unknown}
 e - 3 scrolls of remove curse {unknown}
 f - 2 scrolls of identify {unknown}
 g - a scroll of teleportation {unknown}
 h - a scroll of immolation {unknown}
Potions
 c - a potion of degeneration
 i - a potion of cancellation
Books
 a - a book of Battle

   Spells                             Type                      Level
   a - Infusion                       Charms                       1
   b - Shroud of Golubria             Charms/Translocation         2
   c - Song of Slaying                Charms                       2
   d - Spectral Weapon                Hexes/Charms                 3
   e - Regeneration                   Charms/Necromancy            3
Comestibles
 b - 3 rations


   Skills:
 + Level 2.8 Fighting
 * Level 3.0 Dodging
 * Level 3.0 Unarmed Combat
 - Level 2.0 Spellcasting
 + Level 3.1 Charms


You had 4 spell levels left.
You knew the following spells:

 Your Spells              Type           Power        Failure   Level  Hunger
a - Infusion              Chrm           #...         8%          1    ##.....
b - Song of Slaying       Chrm           #.......     12%         2    ###....


Dungeon Overview and Level Annotations

Branches:
Dungeon (2/15)

Altars:

Annotations:
D:2 Natasha


Innate Abilities, Weirdness & Mutations

Your plain brown scales are hard. (AC +5)
You cannot fit into any form of body armour.
You are cold-blooded and may be slowed by cold attacks.


Message History

You barely miss Natasha.
Natasha is heavily wounded.
Natasha claws you.
* * * LOW HITPOINT WARNING * * *
You feel very mighty all of a sudden.
Natasha stares at you and mumbles some strange words.
The magic dart hits you!
* * * LOW HITPOINT WARNING * * *
It was a potion of cancellation.
Your magical effects are unravelling.
You feel magically purged.
You feel a little less mighty now.
You are no longer magically infusing your attacks.
Natasha casts a spell at you. You resist with some effort.
It was a potion of degeneration.
There was something very wrong with that liquid.
You feel weakened.
You feel dopey.
You feel clumsy. Natasha claws you.
You die...

#...#......................#
..................###....[.#
.............''##.# #......#
..####.......#.##'###.######
#.####.......#........###########
#......#######...................
######## #........#######.#..
##........# ####.##.( #...@...#.#
#.#.##... #####..h....#.#
##.##.... #######...........#)#
###.....
#....##...........#.###.#......
#....<............+.....######.
###....#............#.##### #.
...<...#.....####+###.# ##
.......#....## #.# #
).##+###....#####+###.# #


You could see Natasha.

Vanquished Creatures
  Natasha (twice) (D:2)
  A worm (D:2)
  2 dart slugs (D:1)
  A leopard gecko (D:2)
  A giant cockroach (D:2)
  2 goblins (D:1)
  5 hobgoblins
  2 jackals (D:1)
  6 kobolds
  A ball python (D:1)
  A bat (D:1)
  2 frilled lizards
  A rat (D:1)
27 creatures vanquished.

Notes
Turn   | Place    | Note
-------+----------+-------------------------------------------
     0 | D:1      | Truegreen the Draconian Skald began the quest for the Orb.
     0 | D:1      | Reached XP level 1. HP: 17/17 MP: 3/3
   291 | D:1      | Reached XP level 2. HP: 20/25 MP: 3/5
   552 | D:1      | Learned a level 2 spell: Song of Slaying
  1172 | D:2      | Reached XP level 3. HP: 27/30 MP: 2/6
  1362 | D:2      | Noticed Natasha
  1369 | D:2      | Killed Natasha
  1385 | D:2      | Noticed Natasha
  1398 | D:2      | Killed Natasha
  1398 | D:2      | Reached XP level 4. HP: 16/37 MP: 1/7
  1620 | D:2      | Noticed Natasha
  1631 | D:2      | HP: 1/37 [Natasha/magic dart (3)]
  1633 | D:2      | Slain by Natasha

Vault maps used:
D:1:      saegor_arrival_simple_e, minmay_pentomino_q4
D:2:      amethyst_killhole, minmay_tiny_reverse_x, uniq_natasha

Skill      XL: |  1  2  3 |
---------------+----------+-----
Charms         | 3 |  3.1
Dodging        | 3 |  3.0
Unarmed Combat | 3 |  3.0
Fighting       | |  2.8
Spellcasting   | |  2.0

Action                   |  1- 3 |  4- 6 || total
-------------------------+-------+-------++-------
Melee: Unarmed           |   108 |     7 ||   115
       Tailslap          |    12 |       ||    12
       Punch             |     1 |       ||     1
 Cast: Infusion          |    12 |     1 ||    13
  Use: Potion            |       |     3 ||     3
  Eat: Chunk             |     2 |       ||     2
Armor: Skin              |    33 |       ||    33
Dodge: Dodged            |    62 |     2 ||    64

Table legend:
 A = Spawn XP
 B = Non-spawn XP
 C = Spawn XP percentage of total XP
 D = Spawn monster count
 E = Non-spawn monster count
 F = Spawn count percentage of total count
 G = Total turns spent on level
                    A         B        C        D         E        F      G
               +---------+---------+-------+---------+---------+-------+---------
         Total |       0 |     121 |   0.0 |       0 |      27 |   0.0 |  1633
               +---------+---------+-------+---------+---------+-------+---------
           D:1 |       0 |      31 |   0.0 |       0 |      16 |   0.0 |  1020
           D:2 |       0 |      90 |   0.0 |       0 |      11 |   0.0 |   613
               +---------+---------+-------+---------+---------+-------+---------
